 Dungeon Crawl Stone Soup version 0.26.1-11-gd32895ea62 (webtiles) character file.

Game seed: 8753459057879676164

523 nothank2 the Purveyor of Pain (level 7, 0/46 HPs)
             Began as a Vampire Necromancer on July 15, 2021.
             Was an Initiate of Kikubaaqudgha.
             Slain by a quasit (2 damage)
             ... on level 5 of the Dungeon.
             The game lasted 00:12:16 (4558 turns).

nothank2 the Purveyor of Pain (Vampire Necromancer) Turns: 4558, Time: 00:12:17

Health: 0/46       AC:  2    Str:  7    XL:     7   Next: 2%
Magic:  13/13      EV:  2    Int: 20    God:    Kikubaaqudgha [......]
Gold:   200        SH:  0    Dex: -8 (14) Spells: 9/14 levels left

rFire    . . .     SeeInvis +   m - +1 dagger (pain)
rCold    . . .     Faith    .   (no shield)
rNeg     . . .     Spirit   .   a - +0 robe
rPois    .         Reflect  .   (no helmet)
rElec    .         Harm     .   (no cloak)
rCorr    .         Rampage  .   (no gloves)
Will     +....                  (no boots)
Stlth    ..........             d - amulet of magic regeneration
HPRegen  0.35/turn              t - ring of willpower
MPRegen  0.38/turn              (no ring)

@: regenerating quickly, slowed, lost dexterity, very slow
A: fangs 3, see invisible, unbreathing
a: Exsanguinate, Renounce Religion


You were on level 5 of the Dungeon.
You worshipped Kikubaaqudgha.
Kikubaaqudgha was noncommittal.
You visited 2 branches of the dungeon, and saw 6 of its levels.

You collected 200 gold pieces.

Inventory:

Hand Weapons
 c - a +0 dagger
 m - a +1 dagger of pain (weapon)
Armour
 a - a +0 robe (worn)
 g - a +0 buckler
Jewellery
 d - an amulet of magic regeneration (around neck)
 f - an uncursed amulet of reflection {unknown}
 t - a ring of willpower (left hand)
Wands
 r - a wand of iceblast (5)
 w - a wand of random effects (24)
Scrolls
 b - 4 scrolls of remove curse
 l - 3 scrolls of identify
 o - 2 scrolls of amnesia {unknown}
 q - 2 scrolls of enchant weapon {unknown}
 s - a scroll of enchant armour {unknown}
 u - a scroll of fear {unknown}
 x - a scroll of noise {unknown}
Potions
 e - a potion of invisibility
 k - a potion of flight
 n - a potion of haste {unknown}
 p - a potion of heal wounds {unknown}
 v - a potion of brilliance {unknown}
 z - a potion of might {unknown}


   Skills:
 - Level 2.1 Dodging
 - Level 3.0 Stealth
 + Level 4.3 Spellcasting
 * Level 8.0 Necromancy


You had 9 spell levels left.
You knew the following spells:

 Your Spells              Type           Power        Failure   Level
a - Pain                  Necr           100%         1%          1
b - Animate Dead          Necr           18%          4%          4

Your spell library contained the following spells:

 Spells                   Type           Power        Failure   Level
 Animate Skeleton         Necr           72%          1%          1
 Vampiric Draining        Necr           18%          1%          3
 Agony                    Necr           36%          13%         5


Dungeon Overview and Level Annotations

Branches:
Dungeon (5/15)             Temple (1/1) D:4

Altars:
Dithmenos
Fedhas
Gozag
Hepliaklqana
Kikubaaqudgha
Makhleb
Nemelex Xobeh
Qazlal
Ru
Trog
Wu Jian
The Shining One

Annotations:
D:3 Grinder


Innate Abilities, Weirdness & Mutations

Your natural rate of healing is unusually fast.
You have razor-sharp teeth.
You have supernaturally acute eyesight. (SInv)
You can survive without breathing.


Message History

The quasit bites you but does no damage.
The quasit claws you but does no damage.
The quasit completely misses you. The quasit bites you.
* * * LOW HITPOINT WARNING * * *
You feel clumsy. The quasit claws you.
* * * LOW HITPOINT WARNING * * *
The quasit claws you.
* * * LOW HITPOINT WARNING * * *
You continue putting on your buckler.
The quasit bites you.
* * * LOW HITPOINT WARNING * * *
You feel clumsy. The quasit claws you.
* * * LOW HITPOINT WARNING * * *
You feel clumsy.
The quasit claws you but does no damage.
The quasit bites you.
You die...
Kikubaaqudgha rasps: "You have failed me!
Welcome... death!"

#...#...#.#######.#.#*****#.#
#...#...#.#.....#.#.#*,,,,..#
##'##(..#.#.###.#.#.#*,,,,..#*
#.######.#..<#.#.#.#*,,,,,,,, #.#
###.#.#.#.#.#.#*,,,,,,** #.#
#...#.#.#.#.#.#*,,,,,,,, #.#
#...#.#.#.#.#..*****,,,,
#####'####...#.#.#.#.#,,,,,,,,,,,
#.......####'#..@#.#.#,,,*****,,,
#...............5..#.#,*,*****,,,
#..................#.#,*,,*,,,,,,
####..............##.#,**,*,,,,,,
#.................#,*,,,,,,,,,
##....##############,*,*,***,*,
#.....# ***** *,*,,,,,,,,,
#.....# *,,,* *,****,**,,,
#....## *,,,* *,* *,**,,,


You could see a quasit.

Vanquished Creatures
  An ice beast (D:5)
  An ogre (D:5)
  A howler monkey (D:4)
  2 iguanas
  Terence (D:3)
  Natasha (twice) (D:3)
  3 worker ants (D:4)
  A shadow imp (D:2)
  2 oozes
  3 worms
  5 dart slugs
  4 leopard geckos
  2 orcs
  6 giant cockroaches
  8 goblins
  7 hobgoblins
  A ball python (D:2)
  7 bats
  5 frilled lizards
  A giant cockroach zombie (D:5)
  14 kobolds
  A quokka skeleton (D:4)
  8 rats
86 creatures vanquished.

Vanquished Creatures (collateral kills)
  An adder skeleton (D:4)
1 creature vanquished.

Grand Total: 87 creatures vanquished

Notes
Turn   | Place    | Note
-------+----------+-------------------------------------------
     0 | D:1      | nothank2 the Vampire Necromancer began the quest for the
                  | Orb.
     0 | D:1      | Reached XP level 1. HP: 13/13 MP: 3/3
   163 | D:1      | Reached XP level 2. HP: 19/19 MP: 0/5
   375 | D:1      | Reached skill level 5 in Necromancy
   725 | D:1      | Reached XP level 3. HP: 22/24 MP: 3/6
  1293 | D:2      | Reached XP level 4. HP: 27/30 MP: 5/8
  1860 | D:2      | Learned a level 4 spell: Animate Dead
  1897 | D:3      | Noticed Terence
  1905 | D:3      | Killed Terence
  1906 | D:3      | Reached skill level 6 in Necromancy
  2315 | D:3      | Noticed Natasha
  2321 | D:3      | Killed Natasha
  2322 | D:3      | Reached XP level 5. HP: 14/35 MP: 5/9
  2569 | D:3      | Noticed Natasha
  2575 | D:3      | Killed Natasha
  2622 | D:3      | Noticed Grinder
  2763 | D:3      | Found a stormy altar of Qazlal.
  3045 | D:4      | Reached skill level 7 in Necromancy
  3045 | D:4      | Reached XP level 6. HP: 31/41 MP: 6/11
  3204 | D:4      | Found a staircase to the Ecumenical Temple.
  3224 | Temple   | Entered the Ecumenical Temple
  3454 | Temple   | Became a worshipper of Kikubaaqudgha
  3761 | D:4      | Found a hazy altar of Hepliaklqana.
  4208 | D:5      | Entered Level 5 of the Dungeon
  4370 | D:5      | Noticed an ice beast
  4381 | D:5      | Killed an ice beast
  4382 | D:5      | Reached skill level 8 in Necromancy
  4382 | D:5      | Reached XP level 7. HP: 24/46 MP: 6/13
  4543 | D:5      | Lost dexterity.
  4558 | D:5      | HP: 2/46 [quasit (2)]
  4558 | D:5      | Slain by a quasit

Illustrated notes

Levels and vault maps discovered:
D:1:      lemuel_arrival_funnel, layout_loops_ring, minmay_misc_feat_rugged,
          minmay_misc_feat_ornament, minmay_misc_feat_room
D:2:      layout_loops_ring
D:3:      layout_loops_corners, general_overflow_altar, uniq_terence,
          uniq_natasha, uniq_grinder
D:4:      layout_loops_corners, nzn_hepliaklqana_mist_gate,
          minmay_temple_entry_stoned_glass, minmay_fractal_squares_5
D:5:      layout_basic, uniq_blork_the_orc, uniq_duvessa
Temple:   minmay_temple_forest_path

Skill      XL: |  1  2  3  4  5  6 |
---------------+-------------------+-----
Necromancy     | 5 6 7 8 |  8.0
Spellcasting   | 3 4 |  4.3
Dodging        | |  2.1
Stealth        | |  3.0

Action                   |  1- 3 |  4- 6 |  7- 9 || total
-------------------------+-------+-------+-------++-------
Melee: Unarmed           |     7 |       |       ||     7
       Dagger            |    32 |    17 |    18 ||    67
       Bite              |     5 |       |       ||     5
 Cast: Pain              |    72 |   130 |       ||   202
       Animate Dead      |       |     2 |       ||     2
  Use: Scroll            |       |       |     4 ||     4
       Potion            |       |       |     1 ||     1
Armor: Robe              |    20 |     6 |    53 ||    79
Dodge: Dodged            |    37 |    33 |    50 ||   120
